 Dungeon Crawl Stone Soup version 0.27.1-33-g824d729ab1 (webtiles) character file.

Game seed: 18067597057479747660

665 AkLexia the Cudgeller (level 7, -5/44 HPs)
             Began as a Gargoyle Gladiator on Dec 11, 2021.
             Was a Follower of Makhleb.
             Slain by an ogre (14 damage)
             ... on level 5 of the Dungeon.
             The game lasted 00:17:41 (6500 turns).

AkLexia the Cudgeller (Gargoyle Gladiator)          Turns: 6500, Time: 00:17:42

Health: -5/44      AC: 12    Str: 20    XL:     7   Next: 57%
Magic:  7/7        EV: 12    Int:  8    God:    Makhleb [*.....]
Gold:   188        SH:  4    Dex: 11    Spells: 6/6 levels left

rFire    . . .     SeeInvis .   a - +0 flail
rCold    . . .     Faith    .   f - +0 buckler
rNeg     + . .     Spirit   .   b - +0 leather armour
rPois    ∞         Reflect  .   c - +0 helmet
rElec    +         Harm     .   e - +2 cloak {rPois}
rCorr    .         Rampage  .   (no gloves)
Will     .....                  (no boots)
Stlth    +.........             (no amulet)
HPRegen  0.14/turn              (no ring)
MPRegen  0.10/turn              (no ring)

@: no status effects
A: sickness immunity, AC +4, negative energy resistance 1, electricity
resistance, torment resistance 1, petrification resistance
a: Renounce Religion


You were on level 5 of the Dungeon.
You worshipped Makhleb.
Makhleb was aware of your devotion.
You visited 1 branch of the dungeon, and saw 5 of its levels.

You collected 188 gold pieces.

Inventory:

Hand Weapons
 a - a +0 flail (weapon)
Missiles
 d - a throwing net (quivered)
Armour
 b - a +0 leather armour (worn)
 c - a +0 helmet (worn)
 e - a +2 cloak of poison resistance (worn)
 f - a +0 buckler (worn)
Scrolls
 g - 5 scrolls of identify {unknown}
 i - a scroll of magic mapping {unknown}
 l - a scroll of blinking {unknown}
 o - a scroll of fog {unknown}
 r - a scroll of immolation {unknown}
 s - a scroll of summoning {unknown}
Potions
 h - 2 potions of curing {unknown}
 j - a potion of lignification {unknown}
 k - a potion of haste {unknown}
 m - a potion of flight {unknown}
 n - 2 potions of berserk rage
 p - a potion of mutation {unknown}
 q - a potion of brilliance {unknown}
 t - 2 potions of heal wounds {unknown}
 u - 2 potions of attraction {unknown}


   Skills:
 + Level 4.4 Fighting
 * Level 5.9 Maces & Flails
 - Level 1.7 Throwing
 + Level 3.7 Armour
 - Level 2.4 Dodging
 + Level 3.3 Shields


You had 6 spell levels left.
You didn't know any spells.
Your spell library was empty.

Dungeon Overview and Level Annotations

Branches:
Dungeon (5/15)
 Temple: D:4-7

Altars:
Kikubaaqudgha
Makhleb
Okawaru


Innate Abilities, Weirdness & Mutations

You are immune to sickness and miasma.
Your stone body is resilient. (AC +4)
You are immune to poison.
You resist negative energy. (rN+)
You are resistant to electric shocks. (rElec)
You are resistant to unholy torment.
You are immune to petrification.


Message History

You see here a +0 club.
Done exploring.
Done exploring.
(D) Dungeon
Where to? (Enter - D:2 @ (x,y), ? - help)
What level of the Dungeon? (default 1, ? - help)
There is a stone staircase leading down here.
You climb downwards.
Found 24 gold pieces and a scroll labelled RIODUS POHUG.
Found a stone staircase leading down.
There is a stone staircase leading up here.
An ogre is nearby!
You see here 7 gold pieces.
You see here 7 gold pieces.
You now have 188 gold pieces (gained 7).
The ogre barely misses you.
You completely miss the ogre. You hit the ogre.
The ogre is lightly wounded.
The ogre barely misses you.
You barely miss the ogre.
The ogre is lightly wounded.
The ogre barely misses you.
You barely miss the ogre.
The ogre is lightly wounded.
The ogre hits you with a +0 giant club!
You hit the ogre.
The ogre is moderately wounded.
The ogre barely misses you.
You barely miss the ogre.
The ogre is moderately wounded.
The ogre hits you with a +0 giant club!
You sock the ogre!
The ogre is heavily wounded.
You barely miss the ogre.
The ogre is heavily wounded.
The ogre hits you with a +0 giant club!!
* * * LOW HITPOINT WARNING * * *
The ogre hits you with a +0 giant club!
You die...

# ########.#
+........#
##.@....####
#O#<.......
...$....>......
#..............
##.#...........
#.#...........
# #..#........
#..##.######
?.. .#


You could see an ogre.

Vanquished Creatures
  The ghost of TheLostOne the Chopper, an amateur DsBe of Trog (D:4)
  A necrophage (D:4)
  2 bullfrog zombies (D:4)
  A hound (D:4)
  A jelly (D:4)
  Crazy Yiuf (D:2)
  A centaur skeleton (D:4)
  10 adders
  3 gnolls (D:3)
  An ufetubus (D:4)
  2 worms (D:3)
  A dart slug (D:3)
  4 orcs (D:4)
  11 ball pythons
  6 bats
  3 endoplasms
  2 giant cockroaches
  4 goblins
  8 hobgoblins
  2 jackals (D:4)
  2 quokkas
  2 frilled lizards
  6 kobolds
  4 rats
79 creatures vanquished.

Notes
Turn   | Place    | Note
-------+----------+-------------------------------------------
     0 | D:1      | AkLexia the Gargoyle Gladiator began the quest for the Orb.
     0 | D:1      | Reached XP level 1. HP: 12/12 MP: 1/1
   151 | D:2      | Reached XP level 2. HP: 15/18 MP: 2/2
   197 | D:2      | Reached skill level 1 in Armour
   299 | D:1      | Reached XP level 3. HP: 22/22 MP: 3/3
  1008 | D:1      | Found a faded altar of an unknown god.
  1622 | D:2      | Found a runed translucent door.
  1623 | D:2      | Noticed Crazy Yiuf
  1631 | D:2      | HP: 1/22 [Crazy Yiuf (11)]
  1633 | D:2      | Killed Crazy Yiuf
  1634 | D:2      | Reached skill level 4 in Maces & Flails
  1634 | D:2      | Reached skill level 1 in Shields
  1634 | D:2      | Reached XP level 4. HP: 2/28 MP: 0/4
  2247 | D:2      | Found a burning altar of Makhleb.
  2270 | D:2      | Became a worshipper of Makhleb the Destroyer
  2631 | D:3      | Found a glowing drain.
  2663 | D:3      | Reached XP level 5. HP: 15/32 MP: 5/5
  4398 | D:4      | Found an iron altar of Okawaru.
  4399 | D:4      | Found an ancient bone altar of Kikubaaqudgha.
  4653 | D:4      | Reached XP level 6. HP: 35/37 MP: 6/6
  4718 | D:4      | Noticed a necrophage
  4776 | D:4      | Killed a necrophage
  4777 | D:4      | Reached skill level 5 in Maces & Flails
  4784 | D:4      | Found a runed translucent gate.
  4785 | D:4      | Found a runed translucent gate.
  4785 | D:4      | Found a runed translucent gate.
  4787 | D:4      | Noticed TheLostOne's ghost (amateur DsBe)
  4823 | D:4      | Killed TheLostOne's ghost
  4824 | D:4      | Reached XP level 7. HP: 17/43 MP: 7/7
  4840 | D:4      | Reached * piety under Makhleb
  6483 | D:5      | Entered Level 5 of the Dungeon
  6500 | D:5      | Slain by an ogre

Illustrated notes

Levels and vault maps discovered:
D:1:      elethiomel_arrival_quiet, layout_loops_ring,
          hellmonk_ecumenical_altar_leap_of_faith
D:2:      layout_basic, basic_altar, uniq_crazy_yiuf_cottage
D:3:      layout_rooms, cheibrodos_sewer_entry_sluice, fountainhead,
          minmay_misc_feat_square, chequers_serial_rivers_small_3,
          chequers_serial_rivers_micro_c, minmay_ruptured
D:4:      layout_basic, chequers_temple_overflow_statue_of_worship,
          gammafunk_ghost_necromancy
D:5:      layout_basic, nicolae_ru_the_path_less_chosen,
          minmay_temple_entry_glassed_door

Skill      XL: |  1  2  3  4  5  6 |
---------------+-------------------+-----
Armour         | 1 2 3 |  3.7
Fighting       | 3 4 |  4.4
Maces & Flails | 4 5 |  5.9
Shields        | 1 2 3 |  3.3
Throwing       | |  1.7
Dodging        | |  2.4

Action                   |  1- 3 |  4- 6 |  7- 9 || total
-------------------------+-------+-------+-------++-------
Melee: Flail             |   111 |   181 |    55 ||   347
Throw: Throwing net      |       |     2 |       ||     2
 Stab: Held in net/web   |       |     3 |       ||     3
Armor: Leather armour    |    47 |   101 |    22 ||   170
Dodge: Dodged            |    73 |   111 |    29 ||   213
Block: Buckler           |     5 |    40 |     7 ||    52
